Map: Cosmic Sapphire

Players

PiLiPiLi

  • Race: Protoss Protoss
  • Spawn Location: 11:00

Creator - Winner!

  • Race: Protoss Protoss
  • Spawn Location: 5:00

Event: DreamHack SC2 Masters 2022 Atlanta (Offline)

VOD

Have the link to the VOD?

Description

Time

  • Played on: Nov. 18, 2022, 1 p.m.
  • Length: 10:51

All games in this series

Show
View Real Time Build Order
Export as new Build Order

PiLiPiLi Protoss 

Build Orders: Oracle Opening 

Get SALT Encoding   

  12  0:00  Probe  
  13  0:12  Probe  
  14  0:17  Pylon  
  14  0:25  Probe (Chrono Boost)  
  15  0:36  Gateway  
  15  0:37  Probe (Chrono Boost)  
  16  0:45  Probe (Chrono Boost)  
  16  0:46  Assimilator  
  17  0:52  Probe  
  18  0:58  Assimilator  
  18  1:04  Probe (Chrono Boost)  
  19  1:08  Gateway  
  19  1:15  Probe (Chrono Boost)  
  20  1:20  Probe (Chrono Boost)  
  21  1:25  Cybernetics Core  
  21  1:30  Probe  
  22  1:39  Pylon  
  22  1:42  Probe  
  23  1:57  Probe  
  24  2:03  Stalker x2  
  24  2:06  Warp Gate  
  28  2:18  Stargate  
  28  2:24  Pylon  
  28  2:27  Probe  
  28  2:39  Probe  
  28  2:40  Stalker  
  31  2:44  Stalker  
  33  3:01  Oracle (Chrono Boost)  
  36  3:19  Nexus  
  36  3:26  Probe  
  37  3:29  Pylon  
  37  3:36  Twilight Council  
  37  3:54  Probe  
  38  4:05  Pylon  
  38  4:06  Probe  
  35  4:11  Adept x2  
  39  4:18  Probe  
  40  4:26  Shield Battery  
  40  4:30  Probe  
  41  4:32  Probe  
  41  4:37  Dark Shrine  
  42  4:39  Gateway  
  42  4:42  Probe  
  42  4:44  Blink (Chrono Boost)  
  43  4:47  Probe  
  44  4:54  Probe  
  44  4:59  Probe  
  46  5:07  Probe  
  45  5:10  Stalker x2  
  45  5:11  Probe  
  48  5:16  Gateway  
  48  5:19  Probe  
  48  5:20  Gateway  
  49  5:23  Probe  
  50  5:33  Probe  
  51  5:37  Pylon  
  51  5:39  Stalker x2  
  51  5:41  Stalker  
  54  6:02  Stalker x2  
  58  6:05  Pylon  
  58  6:08  Pylon  
  58  6:10  Probe x2  
  60  6:11  Pylon  
  60  6:14  Pylon  
  60  6:21  Stalker  
  62  6:32  Stalker x3  
  66  6:35  Nexus  
  66  6:37  Probe x2  
  66  6:38  Pylon  
  70  6:45  Stalker  
  72  6:51  Gateway  
  72  6:52  Gateway  
  72  6:56  Probe  
  72  6:58  Probe  
  72  7:00  Stalker  
  72  7:01  Stalker  
  78  7:05  Stalker  
  80  7:22  Stalker x2  
  81  7:25  Stalker  
  81  7:26  Stalker  
  81  7:28  Stalker  
  83  7:53  Zealot, Stalker x3  
  83  7:54  Zealot x3  
  83  7:57  Charge (Chrono Boost), Probe x3  
  100  8:00  Gateway  
  90  8:24  Zealot  
  90  8:25  Zealot x6  
  84  8:43  Pylon  
  84  8:50  Stalker x5  
  84  8:51  Zealot  
  84  8:54  Gateway  
  96  9:02  Pylon  
  96  9:22  Pylon  
  90  9:30  Zealot x7  
  90  9:31  Zealot  
  69  9:55  Zealot, Stalker x7  
  69  9:56  Zealot  
  65  10:17  Zealot x6  
  65  10:18  Zealot x3  
  81  10:41  Zealot  
  81  10:42  Zealot x7  
  95  10:43  Zealot  
Show
View Real Time Build Order
Export as new Build Order

Creator Protoss - Winner!

Build Orders:  

Get SALT Encoding   

  12  0:00  Probe  
  13  0:12  Probe  
  14  0:16  Pylon  
  14  0:24  Probe (Chrono Boost)  
  16  0:36  Probe (Chrono Boost)  
  16  0:37  Gateway  
  16  0:43  Probe (Chrono Boost)  
  16  0:45  Assimilator  
  17  0:51  Probe  
  18  0:59  Assimilator  
  18  1:03  Probe (Chrono Boost)  
  19  1:08  Gateway  
  19  1:12  Probe (Chrono Boost)  
  19  1:17  Probe (Chrono Boost)  
  21  1:26  Cybernetics Core  
  21  1:29  Probe  
  22  1:34  Pylon  
  22  1:41  Probe  
  23  1:53  Probe  
  24  2:02  Warp Gate, Stalker x2  
  28  2:12  Pylon  
  28  2:29  Pylon  
  28  2:33  Sentry  
  28  2:36  Sentry  
  32  2:47  Nexus, Probe  
  33  2:57  Shield Battery  
  33  2:59  Probe  
  33  3:02  Sentry  
  33  3:04  Stalker  
  38  3:12  Pylon  
  38  3:14  Probe  
  39  3:26  Twilight Council  
  39  3:30  Probe (Chrono Boost)  
  40  3:39  Probe (Chrono Boost)  
  41  3:44  Probe (Chrono Boost)  
  42  3:54  Stalker  
  42  3:55  Stalker  
  45  3:56  Probe  
  45  4:00  Probe  
  39  4:11  Probe (Chrono Boost)  
  39  4:12  Probe (Chrono Boost)  
  39  4:15  Blink (Chrono Boost)  
  41  4:21  Probe x2 (Chrono Boost)  
  43  4:26  Probe (Chrono Boost)  
  44  4:31  Probe, Stalker  
  44  4:38  Probe (Chrono Boost), Stalker  
  50  4:46  Probe (Chrono Boost)  
  52  4:55  Probe (Chrono Boost), Pylon  
  52  4:56  Probe (Chrono Boost)  
  53  5:00  Shield Battery  
  53  5:01  Probe (Chrono Boost)  
  53  5:02  Probe (Chrono Boost)  
  53  5:12  Robotics Facility  
  53  5:13  Probe  
  54  5:16  Probe  
  54  5:18  Stalker x2  
  59  5:25  Probe  
  60  5:28  Probe  
  60  5:31  Gateway, Pylon  
  61  5:39  Probe  
  61  5:40  Probe  
  63  5:43  Stalker x2  
  67  5:54  Assimilator  
  67  5:56  Probe x2  
  69  5:59  Observer  
  70  6:05  Forge  
  70  6:07  Stalker x2  
  74  6:14  Phoenix  
  74  6:16  Shield Battery  
  74  6:17  Probe  
  75  6:29  Nexus  
  75  6:30  Probe x2  
  77  6:35  Pylon  
  77  6:37  Pylon  
  77  6:39  Pylon  
  77  6:45  Protoss Ground Weapons Level 1 (Chrono Boost)  
  77  6:48  Probe  
  77  6:53  Immortal, Probe  
  83  6:56  Shield Battery  
  83  6:58  Stalker  
  85  7:02  Probe  
  86  7:09  Stalker  
  86  7:10  Probe  
  86  7:14  Probe  
  90  7:16  Charge  
  88  7:23  Probe (Chrono Boost)  
  88  7:26  Probe (Chrono Boost)  
  90  7:32  Immortal (Chrono Boost)  
  90  7:34  Probe (Chrono Boost)  
  90  7:36  Probe (Chrono Boost)  
  96  7:37  Stalker x2  
  96  7:39  Probe (Chrono Boost)  
  96  7:41  Stalker  
  103  7:46  Probe x2  
  103  7:49  Probe  
  104  7:57  Gateway  
  104  8:00  Stalker x2  
  104  8:01  Probe  
  104  8:04  Probe  
  104  8:05  Immortal (Chrono Boost)  
  110  8:07  Stalker  
  110  8:09  Probe  
  111  8:21  Probe x2  
  110  8:27  Probe  
  110  8:33  Probe x2, Stalker x3  
  113  8:34  Nexus  
  113  8:39  Probe  
  114  8:43  Pylon  
  114  8:45  Probe  
  114  8:46  Probe  
  116  8:49  Pylon  
  116  8:50  Assimilator  
  116  8:51  Probe  
  116  8:53  Pylon  
  117  8:56  Pylon  
  117  9:01  Probe x2  
  117  9:02  Observer  
  120  9:03  Gateway x2  
  120  9:06  Photon Cannon  
  120  9:09  Sentry  
  122  9:18  Zealot x3  
  122  9:22  Warp Prism  
  129  9:32  Probe x3  
  129  9:35  Stalker  
  126  9:40  Stalker x3, Pylon  
  126  9:44  Probe x3  
  125  9:52  Photon Cannon  
  119  9:54  Probe  
  119  9:56  Probe x3  
  119  9:58  Stalker x3  
  129  10:06  Probe  
  130  10:08  Probe  
  130  10:10  Probe x2  
  129  10:18  Probe  
  129  10:21  Stalker x4  
  133  10:28  Gateway  
  133  10:29  Gateway  
  133  10:31  Gateway  
  133  10:33  Zealot x2, Gateway  
  135  10:45  Zealot x4  
Tags
 
Add a new tag
Caveats
  • Supply blocks, unpowered buildings, or Contaminate may cause inaccurate times.
  • Supply counts are checked every 10 seconds.